 Dungeon Sprint DCSS version 0.17-a0-1324-ga541562 (webtiles) character file.

9 Kidiri the Sneak (level 2, -3/14 HPs)
             Began as a Spriggan Enchanter on June 9, 2015.
             Killed by nerve-wracking pain
             ... invoked by Jessica
              (14 damage)
             ... in the Dungeon (Sprint III: "The Ten Rune Challenge").
             The game lasted 00:00:29 (38 turns).

Kidiri the Sneak (Spriggan Enchanter)                 Turns: 38, Time: 00:00:29

Health: -3/14      AC:  3    Str:  4    XL:     2   Next: 6%
Magic:  5/7        EV: 19    Int: 16    God:
Gold:   5          SH:  0    Dex: 16    Spells: 2 memorised, 4 levels left

rFire  . . .     SeeInvis +     a - +1 dagger
rCold  . . .     Clarity  .     b - +1 robe
rNeg   . . .     SustAt   .     (shield restricted)
rPois  .         Gourm    .     (helmet restricted)
rElec  .         Spirit   .     (no cloak)
rCorr  .         Warding  .     (gloves unavailable)
rMut   .         NoTele   +     (boots unavailable)
MR     .....                    (no amulet)
Stlth  +++.......               (no ring)
                                (no ring)

@: very quick, not resistant to hostile enchantments, fairly stealthy
A: unfitting armour, see invisible, herbivore 3, speed 3, slow metabolism 2
a: no special abilities


You were in the Dungeon.
You were not hungry.

You visited 1 branch You collected 5 gold pieces.

Inventory:

Hand weapons
 a - a +1 dagger (weapon)
Armour
 b - a +1 robe (worn)
Scrolls
 j - a scroll of blinking
Potions
 e - a potion of curing
 f - a potion of heal wounds
 g - a potion of haste
 h - 2 potions of magic
 i - a potion of berserk rage
Books
 c - a book of Maledictions

   Spells                             Type                      Level
   a - Corona                         Hexes                        1
   b - Ensorcelled Hibernation        Hexes/Ice                    2
   c - Confuse                        Hexes                        3
   d - Tukima's Dance                 Hexes                        3
   e - Dazzling Spray                 Conjuration/Hexes            3
Comestibles
 d - a bread ration


   Skills:
 + Level 0.4 Fighting
 * Level 2.4 Short Blades
 * Level 3.9 Dodging
 * Level 5.4 Stealth
 * Level 3.4 Spellcasting
 + Level 3.8 Hexes
 + Level 0.0 Ice Magic


You had 4 spell levels left.
You knew the following spells:

 Your Spells              Type           Power        Failure   Level  Hunger
a - Corona                Hex            ###....      4%          1    None
b - Ensorcelled Hibernat  Hex/Ice        #.....       14%         2    ##.....


Dungeon Overview and Level Annotations

Branches:
Dungeon (1/1)

Altars:

Annotations:
D Jessica


Innate Abilities, Weirdness & Mutations

You are tiny and cannot use many weapons and most armour.
You have supernaturally acute eyesight.
You are a herbivore.
You cover ground extremely quickly.
You need consume almost no food.


Message History

Memorise Ensorcelled Hibernation, consuming 2 spell levels and leaving 4?
You start memorising the spell.
You continue memorising.
You continue memorising.
You finish memorising.
Spell assigned to 'b'.
You now have 5 gold pieces.
Found 6 poisoned needles.
Jessica the Apprentice Sorceress comes into view.
She is wielding a dagger.
Jessica shouts!
You hit Jessica but do no damage. Jessica hits you with a dagger.
You hit Jessica.
Jessica is moderately wounded.
Cast which spell? (? or * to list)
Aiming: Ensorcelled Hibernation
Press: ? - help, Shift-Dir - straight line, f - Jessica
Aim: Jessica, wielding a dagger and wearing a robe (moderately wounded, chance to defeat MR: 49%) Jessica resists with some effort.
Jessica gestures at you while chanting. Pain shoots through your body!
Ouch! That really hurt!
You die...

▓▓▓▓▓▓▓▓▓
▓<..#(..####
▓...#......##
▓..##.......#
▓##.##.##@@.#
##.##.###..#
▓#.####.# ..#
▓.###..## .##
▓#.....# .#
###..## .#
##..## .#
#..## #. #..#


You could see Jessica.

Vanquished Creatures
  2 oozes (D)
2 creatures vanquished.

Vanquished Creatures (others)
  A yaktaur (D)
1 creature vanquished.

Grand Total: 3 creatures vanquished

Notes
Turn   | Place    | Note
--------------------------------------------------------------
     0 | D        | Kidiri the Spriggan Enchanter began the quest for the Orb.
     0 | D        | Reached XP level 1. HP: 9/9 MP: 5/5
     9 | D        | Reached skill level 5 in Stealth
    11 | D        | Reached XP level 2. HP: 14/14 MP: 7/7
    15 | D        | Learned a level 2 spell: Ensorcelled Hibernation
    27 | D        | Killed a yaktaur
    33 | D        | Noticed Jessica
    38 | D        | Killed from afar by Jessica

Vault maps used:
D:        dungeon_sprint_mu

Action                   || total
-------------------------++-------
Melee: Dagger            ||     4
 Cast: Ensorcelled Hiber ||     1
 Stab: Sleeping          ||     2
